 Dungeon Crawl Stone Soup version 0.14-a0-2374-ge879b5e (webtiles) character file.

364 Kae the Cudgeler (level 5, 0/54 HPs)
             Began as an Ogre Fighter on Feb 1, 2014.
             Slain by an orc wizard
             ... wielding a +0,+0 orcish dagger
              (5 damage)
             ... while paralysed by a potion of paralysis
             ... on Level 4 of the Dungeon.
             The game lasted 00:06:11 (3360 turns).

Kae the Cudgeler (Ogre Fighter)                     Turns: 3360, Time: 00:06:11

HP   0/54        AC  3     Str 26      XL: 5   Next: 75%
MP   5/5         EV  1     Int  7      God:
Gold 167         SH  0     Dex 10      Spells:  0 memorised,  4 levels left

rFire  + . .     SeeInvis .     a - +0 mace
rCold  . . .     Clarity  .     b - +0 robe
rNeg   . . .     Conserve .     c - +0 shield
rPois  .         rCorr    .     (helmet restricted)
rElec  .         rRot     .     (no cloak)
SustAb . .       Spirit   .     (gloves unavailable)
rMut   .         Warding  .     (boots unavailable)
Saprov + . .     Stasis   .     (no amulet)
MR     .....                    o - cursed ring of protection from fire {unknown}
                                t - ring of wizardry

@: paralysed, mighty, flying, slowed, not resistant to hostile enchantments,
unstealthy
A: unfitting armour, fast metabolism 1, saprovore 1, tough skin 1
a: no special abilities


You were on level 4 of the Dungeon.
You were hungry.

You visited 1 branch of the dungeon, and saw 4 of its levels.

You collected 167 gold pieces.

Inventory:

Hand weapons
 a - a +0,+0 mace (weapon)
Missiles
 i - 4 tomahawks of returning (quivered)
Armour
 b - a +0 robe (worn)
 c - a +0 shield (worn)
Comestibles
 d - 4 meat rations
 k - a bread ration
 q - 2 apples
Scrolls
 g - a scroll of blinking {unknown}
 m - a scroll of amnesia
 p - a scroll of remove curse {unknown}
 r - a scroll of teleportation {unknown}
 s - 2 scrolls of identify {unknown}
 u - a scroll of recharging {unknown}
Jewellery
 e - an uncursed ring of protection from fire {unknown}
 o - a cursed ring of protection from fire (right hand) {unknown}
 t - a ring of wizardry (left hand)
Potions
 f - a potion of might
 n - a potion of curing


   Skills:
 - Level 4.0 Fighting
 + Level 7.6 Maces & Flails
 - Level 2.7 Dodging
 - Level 2.6 Shields


You had 4 spell levels left.
You didn't know any spells.

Dungeon Overview and Level Annotations

Branches:
Dungeon (4/16)
 Temple: D:4-7

Altars:
Yredelemnul
The Shining One

Annotations:
D:2 Sigmund


Innate Abilities, Weirdness & Mutations

You are too large for most types of armour.
You have a fast metabolism.
You can tolerate rotten meat.
You have tough skin (AC +1).


Message History

You feel troubled.
The orc priest hits you with an orcish dagger.
* * * LOW HITPOINT WARNING * * *
You block the orc's attack.
Drink which item? (? for menu, Esc to quit)
You feel very buoyant.
You fly up into the air.
It was a potion of flight.
The orc wizard gestures wildly while chanting.
The orc wizard blinks!
The orc priest hits you but does no damage.
The orc priest prays to Beogh.
You feel a wave of unholy energy pass over you.
The orc hits you but does no damage. The orc priest hits you.
* * * LOW HITPOINT WARNING * * *
Drink which item? (? for menu, Esc to quit)
You suddenly lose the ability to move!
It was a potion of paralysis.
The orc priest hits you with an orcish dagger.
* * * LOW HITPOINT WARNING * * *
The orc wizard hits you with an orcish dagger.
You die...

# . ....#....
...........
.............
...............
..........(....
...............
...[...oo........
......§o@o........
........%$.........
...................
...................
......###..........
.....# ##.....(...
.....# #.......(.
#.....#####.........
#.......##.....8#....


You could see 2 orc priests, an orc wizard and an orc.

Vanquished Creatures
  Ijyb (D:2)
  Jessica (D:2)
  3 gnolls (D:2)
  A giant centipede (D:3)
  3 adders
  2 worms (D:3)
  4 giant geckos
  2 oozes
  4 orcs (D:3)
  3 ball pythons
  4 bats
  7 hobgoblins
  7 jackals
  11 kobolds
  5 giant cockroaches
  2 giant newts
  8 goblins
  10 rats
78 creatures vanquished.

Notes
Turn   | Place    | Note
--------------------------------------------------------------
     0 | D:1      | Kae, the Ogre Fighter, began the quest for the Orb.
     0 | D:1      | Reached XP level 1. HP: 24/24 MP: 1/1
   254 | D:1      | Reached XP level 2. HP: 32/32 MP: 2/2
   778 | D:1      | Reached XP level 3. HP: 29/39 MP: 3/3
  1044 | D:2      | Noticed Ijyb
  1057 | D:2      | Killed Ijyb
  1057 | D:2      | Reached skill level 5 in Maces & Flails
  1085 | D:2      | Reached XP level 4. HP: 30/48 MP: 4/4
  1290 | D:2      | Noticed Sigmund
  1529 | D:2      | Noticed Jessica
  1536 | D:2      | Killed Jessica
  1536 | D:2      | Reached skill level 6 in Maces & Flails
  1669 | D:2      | Reached XP level 5. HP: 49/54 MP: 5/5
  2391 | D:3      | Reached skill level 7 in Maces & Flails
  3004 | D:3      | Found a glowing golden altar of the Shining One.
  3342 | D:4      | Found a basalt altar of Yredelemnul.
  3360 | D:4      | Paralysed by a potion of paralysis for 3 turns
  3360 | D:4      | Slain by an orc wizard

Action                   |  1- 3 |  4- 6 || total
-------------------------+-------+-------++-------
Melee: Mace              |   121 |   173 ||   294
  Use: Scroll            |     4 |     1 ||     5
       Potion            |       |     6 ||     6
